 Dungeon Crawl Stone Soup version 0.27.0-1-g7a089689b8 (webtiles) character file.

Game seed: 8469138275548161857

8928 robertstho the Thaumaturge (level 11, -11/78 HPs)
             Began as a Djinni Fire Elementalist on Aug 9, 2021.
             Was an Initiate of Gozag.
             Mangled by a shadow (22 damage)
             ... on level 10 of the Dungeon.
             The game lasted 00:22:31 (15525 turns).

robertstho the Thaumaturge (DjFE)                  Turns: 15525, Time: 00:22:31

Health: -11/78     AC:  9    Str:  7    XL:     11   Next: 64%
Gold:   1329       EV: 16    Int: 29    God:    Gozag SH:  0 Dex: 14

rFire    + + .     SeeInvis .   y - +0 glaive
rCold    x . .     Faith    .   (shield currently unavailable)
rNeg     . . .     Spirit   .   q - +0 acid dragon scales
rPois    ∞         Reflect  .   g - +0 helmet {Int+3}
rElec    .         Harm     .   u - scarf {+Inv}
rCorr    +         Rampage  .   z - +0 pair of gloves
Will     +....                  (boots unavailable)
Stlth    ++........             (no amulet)
HPRegen  0.23/turn              E - +6 ring of intelligence
MPRegen  0.00/turn              o - +4 ring of evasion

@: flying
A: sickness immunity, fire resistance 2, cold vulnerability 1, float, innate
caster, hp casting, extra vitality 1
a: Renounce Religion, Evoke Invisibility, Potion Petition, Call Merchant, Bribe
Branch


You were on level 10 of the Dungeon.
You worshipped Gozag.
Gozag was most pleased with you.
You visited 2 branches of the dungeon, and saw 11 of its levels.
You also visited: Sewer and Ossuary.

You collected 1442 gold pieces.
You paid 113 gold pieces to Gozag.

Inventory:

Hand Weapons
 i - a +0 trident
 y - a +0 glaive (weapon)
Armour
 a - a +0 robe
 g - a +0 helmet of intelligence (worn)
 k - a +2 cloak
 q - +0 acid dragon scales (worn)
 u - a scarf of invisibility (worn)
 z - a +0 pair of gloves (worn)
Jewellery
 o - a +4 ring of evasion (right hand)
 r - a ring of protection from fire
 t - a +6 ring of strength
 E - a +6 ring of intelligence (left hand)
 M - a ring of protection from fire
Wands
 s - a wand of mindburst (22)
 I - a wand of acid (6)
 J - a wand of polymorph (8)
Scrolls
 b - a scroll of torment {unknown}
 d - 4 scrolls of enchant weapon
 e - 3 scrolls of teleportation
 l - 5 scrolls of enchant armour {unknown}
 v - a scroll of holy word {unknown}
 w - a scroll of fog {unknown}
 x - a scroll of blinking {unknown}
 C - a scroll of vulnerability {unknown}
 G - a scroll of fear
 L - a scroll of summoning
Potions
 c - 4 potions of lignification {unknown}
 f - 5 potions of heal wounds {unknown}
 h - 2 potions of haste {unknown}
 j - 6 potions of curing {unknown}
 m - a potion of magic {unknown}
 n - 3 potions of resistance {unknown}
 p - a potion of attraction {unknown}
 A - 2 potions of flight {unknown}
 B - 2 potions of ambrosia {unknown}
 D - a potion of mutation {unknown}
 F - 2 potions of cancellation {unknown}
 H - 2 potions of berserk rage {unknown}


   Skills:
 * Level 6.4 Fighting
 + Level 3.7 Polearms
 + Level 4.3 Armour
 + Level 4.0 Dodging
 + Level 2.9 Stealth
 * Level 11.1 Spellcasting


You had 2 spell levels left.
You knew the following spells:

 Your Spells              Type           Power      Damage    Failure   Level
a - Foxfire               Conj/Fire      100%       2x1d9     1%          1
b - Conjure Flame         Conj/Fire      69%        6-21      1%          3
c - Inner Flame           Hex/Fire       69%        N/A       1%          3
d - Sticky Flame          Conj/Fire      69%        2d8       1%          4
e - Fireball              Conj/Fire      34%        3d14      1%          5
f - Corona                Hex            76%        N/A       1%          1
g - Slow                  Hex            69%        N/A       1%          2
h - Summon Guardian Gole  Hex/Summ       69%        N/A       1%          3
i - Teleport Other        Tloc           69%        N/A       1%          3
j - Bolt of Magma         Conj/Fire/Erth 34%        4d15      1%          5
Your spell library was empty.

Dungeon Overview and Level Annotations

Branches:
Dungeon (10/15)            Temple (1/1) D:6             Orc (0/2) D:10
  Sewer (visited)         Ossuary (visited)
   Lair: D:8-11

Altars:
Ashenzari
Cheibriados
Dithmenos
Elyvilon
Fedhas
Gozag
Hepliaklqana
Kikubaaqudgha
Makhleb
Nemelex Xobeh
Okawaru
Qazlal
Ru
Sif Muna
Trog
Uskayaw
Vehumet
Xom
Yredelemnul
Zin
The Shining One

Shops:
D:1 *[[   D:2 =   D:4 =   D:6 (

Annotations:
D:8 2 transporters, Sylvie's ghost, novice DrBe
D:9 exclusion: obsidian statue


Innate Abilities, Weirdness & Mutations

You are immune to sickness and miasma.
You are immune to poison.
Your flesh is very heat resistant. (rF++)
You are vulnerable to cold. (rC-)
You float through the air rather than walking.
You learn spells naturally, not from books.
Your magical power is your life essence.
You have superior vitality. (+4 HP)


Message History

Unknown command.
A shadow is nearby!
A shadow is nearby!
A shadow is nearby!
A shadow is nearby!
A shadow is nearby!
Casting: Fireball (dangerous; 1% risk of failure)
Confirm with . or Enter, or press ? or * to list all spells.
Aiming: Fireball (dangerous; 1% risk of failure)
Press: ? - help, Shift-Dir - straight line The fireball explodes!
The fireball engulfs the shadow!!
The shadow is severely damaged.
* * * LOW HITPOINT WARNING * * *
Unknown command.
Unknown command.
Found 5 gold pieces.
You see here 13 gold pieces.
Found 15 gold pieces and 18 poisoned darts.
Found a staircase to the Orcish Mines.
You see here 26 gold pieces.
The shadow slips into darkness.
The shadow flickers and vanishes!
Deactivating autopickup; reactivate with Ctrl-A.
You see here 7 gold pieces.
Casting: Fireball (dangerous; 1% risk of failure)
Confirm with . or Enter, or press ? or * to list all spells.
Aiming: Fireball (dangerous; 1% risk of failure)
Press: ? - help, Shift-Dir - straight line The fireball explodes!
* * * LOW HITPOINT WARNING * * *
Unknown command.
Casting: Fireball (dangerous; 1% risk of failure)
Confirm with . or Enter, or press ? or * to list all spells.
Aiming: Sticky Flame (mildly dangerous; 1% risk of failure)
Press: ? - help, Shift-Dir - straight line The sticky flame hits something but does no damage.
* * * LOW HITPOINT WARNING * * *
The shadow strikes at you from the darkness!
You die...
Your body crumbles into a pile of gold.

##+#####.##.#
##...# #.$#.#
#....# . ##.#.#
#...## #.#.
#$#.# #...#
....#######$#.#
#...#
.8......#.....#
#...#
....(...#.....#
#...#
......$$#$....#
#...#
......$$$@..#.#
###...#
.>...$$8{$..#.#
#(....#
.....$$$.$..#.#
#.....#
.....$$$#...'>#
#.....#
........#...###
####'##
.8......#...#
#.#
....#####$###
#.# #... ..#
#.# ### ## #.#


There were no monsters in sight!

Vanquished Creatures
  A two-headed ogre (D:9)
  A kobold demonologist (D:10)
  A troll (D:10)
  3 hornets (D:9)
  2 shadows (D:9)
  4 yaks (D:6)
  Sigmund (D:6)
  A wraith (D:10)
  3 wyverns
  A steam dragon (D:9)
  Menkaure (Ossuary)
  A two-headed ogre zombie (D:10)
  2 acid dragons
  2 water moccasins
  Purgy (Sewer)
  5 orc warriors
  4 sky beasts
  A black bear (D:6)
  2 ice beasts
  2 ogres
  4 necrophages
  2 centaurs
  3 phantoms
  4 kobold brigands
  3 bullfrogs
  2 scorpions (D:6)
  A water moccasin zombie (D:6)
  A wyvern skeleton (D:6)
  A water moccasin skeleton (D:5)
  6 killer bees (D:9)
  4 wights (D:8)
  4 howler monkeys
  A bullfrog zombie (D:6)
  8 hounds
  7 orc priests
  A gnoll shaman (D:4)
  2 bullfrog skeletons
  A centaur skeleton (D:7)
  7 orc wizards
  5 iguanas
  A scorpion zombie (D:5)
  7 ogre zombies (D:10)
  3 mummies (Ossuary)
  9 gnolls (D:4)
  4 adders
  2 howler monkey skeletons (D:6)
  2 shadow imps
  A white imp (D:6)
  3 dart slugs
  30 orcs
  5 ball pythons
  7 endoplasms
  2 giant cockroaches (D:4)
  7 gnoll zombies (Ossuary)
  10 goblins
  10 hobgoblins
  10 jackals
  14 kobolds
  5 quokkas
  10 frilled lizards
  3 gnoll skeletons (Ossuary)
  4 goblin skeletons (Ossuary)
  5 goblin zombies
  6 hobgoblin skeletons
  11 hobgoblin zombies
  4 kobold skeletons (Ossuary)
  2 kobold zombies (Ossuary)
  4 orc skeletons
  18 orc zombies
  7 rats
  8 rat skeletons (Ossuary)
  3 rat zombies (Ossuary)
323 creatures vanquished.

Vanquished Creatures (collateral kills)
  4 foxfires
4 creatures vanquished.

Vanquished Creatures (others)
  A human (D:3)
  995 foxfires
  2 plants
998 creatures vanquished.

Grand Total: 1325 creatures vanquished

Notes
Turn   | Place    | Note
-------+----------+-------------------------------------------
     0 | D:1      | robertstho the Djinni Fire Elementalist began the quest for
                  | the Orb.
     0 | D:1      | Reached XP level 1. HP: 15/15 MP: 0/0
    62 | D:1      | Found Qeophuig's Antique Armour Shop.
   316 | D:1      | Reached XP level 2. HP: 17/21 MP: 0/0
   831 | D:1      | Reached skill level 3 in Spellcasting
   962 | D:1      | Found a faded altar of an unknown god.
   972 | D:1      | Reached XP level 3. HP: 20/26 MP: 0/0
   972 | D:1      | Learned a level 1 spell: Corona
  1198 | D:1      | Reached skill level 1 in Fighting
  1259 | D:1      | Found Havoshro's Armour Shop.
  1513 | D:1      | Found Feutoc's General Store.
  2070 | D:2      | Found Doff's Jewellery Shoppe.
  2399 | D:2      | Reached XP level 4. HP: 30/32 MP: 0/0
  3477 | D:3      | Noticed a human
  3479 | D:3      | Killed a human
  3661 | D:3      | Found a shadowy altar of Dithmenos.
  3661 | D:3      | Found an iron altar of Okawaru.
  3929 | D:4      | Reached XP level 5. HP: 27/37 MP: 0/0
  3929 | D:4      | Learned a level 2 spell: Slow
  3940 | D:4      | Noticed a necrophage
  4245 | D:4      | Reached skill level 4 in Spellcasting
  4383 | D:4      | Killed a necrophage
  4384 | D:4      | Reached XP level 6. HP: 39/43 MP: 0/0
  4628 | D:4      | Found a hide-covered altar of Uskayaw.
  4825 | D:4      | Noticed an ogre
  4838 | D:4      | Killed an ogre
  4839 | D:4      | Reached skill level 5 in Spellcasting
  4839 | D:4      | Reached XP level 7. HP: 36/49 MP: 0/0
  4839 | D:4      | Learned a level 3 spell: Summon Guardian Golem
  5273 | D:4      | Found Kamipoloci's Jewellery Emporium.
  5296 | D:5      | Entered Level 5 of the Dungeon
  5722 | D:5      | Noticed an acid dragon
  5728 | D:5      | Killed an acid dragon
  5729 | D:5      | Reached skill level 6 in Spellcasting
  5729 | D:5      | Reached XP level 8. HP: 13/55 MP: 0/0
  5871 | D:5      | Found a glowing drain.
  5875 | Sewer    | Entered a sewer
  6049 | Sewer    | Noticed Purgy
  6055 | Sewer    | Killed Purgy
  6673 | D:5      | Reached skill level 7 in Spellcasting
  6928 | D:5      | Found an opulent altar of Gozag.
  7013 | D:6      | Noticed Sigmund
  7098 | D:6      | Reached XP level 9. HP: 22/62 MP: 0/0
  7098 | D:6      | Learned a level 3 spell: Teleport Other
  7357 | D:6      | Reached skill level 1 in Armour
  7459 | D:6      | Reached skill level 8 in Spellcasting
  7763 | D:6      | Found Xodussuf's Weapon Shoppe.
  8096 | D:6      | Found a staircase to the Ecumenical Temple.
  8105 | Temple   | Entered the Ecumenical Temple
  8362 | D:6      | Found a blossoming altar of Fedhas.
  8382 | D:6      | Reached skill level 1 in Polearms
  8388 | D:6      | HP: 3/63 [yak (10)]
  8724 | D:6      | Reached skill level 9 in Spellcasting
  8724 | D:6      | Reached XP level 10. HP: 60/69 MP: 0/0
  8869 | D:6      | Killed Sigmund
  9219 | D:5      | Became a worshipper of Gozag Ym Sagoz the Greedy
  9330 | D:7      | Found a sand-covered staircase.
  9337 | Ossuary  | Entered an ossuary
 10157 | Ossuary  | Noticed Menkaure
 10165 | Ossuary  | Killed Menkaure
 10166 | Ossuary  | Reached skill level 5 in Fighting
 11117 | D:7      | Identified a scroll of acquirement
 11207 | D:7      | Acquired a +0 helmet of intelligence
 11309 | D:7      | Found a broken altar of Ashenzari.
 11612 | D:8      | Found a transporter.
 11612 | D:8      | Noticed Sylvie's ghost (novice DrBe)
 11613 | D:8      | Found a transporter.
 11615 | D:8      | Identified the +1 dire flail of Hairy Absolution {vorpal,
                  | rPois rN+ Str-4 Int+3}
 11615 | D:8      | Identified the +4 dire flail of the Wolf {vorpal, Str+5
                  | Dex+3}
 11615 | D:8      | Noticed a two-headed ogre
 11911 | D:8      | Reached skill level 10 in Spellcasting
 12543 | D:9      | Reached XP level 11. HP: 49/76 MP: 0/0
 12543 | D:9      | Learned a level 5 spell: Bolt of Magma
 12786 | D:9      | Noticed an obsidian statue
 12799 | D:9      | Found a stormy altar of Qazlal.
 12888 | D:9      | Noticed a two-headed ogre
 12892 | D:9      | Killed a two-headed ogre
 13136 | D:9      | Found a basalt altar of Yredelemnul.
 13489 | D:9      | Noticed a centaur warrior
 13489 | D:9      | Noticed a centaur warrior
 13490 | D:9      | Noticed a purple ugly thing
 13491 | D:9      | Noticed a cyclops
 13492 | D:9      | Noticed a centaur warrior
 13642 | D:9      | Noticed a centaur warrior
 14104 | D:10     | Entered Level 10 of the Dungeon
 14113 | D:10     | Found a white marble altar of Elyvilon.
 14115 | D:10     | Found a glowing golden altar of the Shining One.
 14739 | D:10     | Reached skill level 11 in Spellcasting
 14906 | D:10     | Identified the +3 war axe of Ekhlo {freeze, rPois}
 15519 | D:10     | Found a staircase to the Orcish Mines.
 15525 | D:10     | Mangled by a shadow

Illustrated notes

Levels and vault maps discovered:
D:1:      eino_arrival_water_star, layout_loops_ring, serial_shops,
          nicolae_shop_waterfront, nicolae_shop_waterfront,
          nicolae_shop_overgrown_old_shop, basic_ecumenical_altar
D:2:      layout_basic, serial_shops, shop, nrook_campfire
D:3:      layout_basic, tgw_kikubaaqudgha, amethyst_overflow_temple_binary
D:4:      layout_rooms, mainiacjoe_overflow_catwalk, serial_shops, shop,
          kennysheep_opposing_triangles
D:5:      layout_loops_ring, nicolae_overflow_hidden_temple,
          gup_sewer_entry_bowl
D:6:      layout_loops_ring, fedhas_ov_isle_minmay, minmay_temple_entry_waves,
          serial_shops, shop, minmay_alternating_orb, uniq_sigmund
D:7:      layout_rooms, marbit_many_paths, chequers_ossuary_entry_cave
D:8:      layout_loops_ring, gammafunk_ghost_smash
D:9:      layout_long_grid, mainiacjoe_overflow_small_starburst,
          grunt_qazlal_clouds, minivault_16, minmay_misc_feat_rows, minivault_12
D:10:     layout_basic, nicolae_wu_jian_immortal_techniques,
          grunt_temple_overflow_open, zombieorc2_lemuel
Temple:   eino_wide_crystal_templ

Skill      XL: |  1  2  3  4  5  6  7  8  9 10 11 |
---------------+----------------------------------+-----
Spellcasting   | 3 4 5 6 7 9 10 11 | 11.1
Fighting       | 1 2 3 4 5 6 |  6.4
Stealth        | 2 |  2.9
Armour         | 2 3 4 |  4.3
Dodging        | 3 4 |  4.0
Polearms       | 1 3 |  3.7

Action                   |  1- 3 |  4- 6 |  7- 9 | 10-12 || total
-------------------------+-------+-------+-------+-------++-------
Melee: Trident           |       |       |    36 |       ||    36
       Glaive            |       |       |       |    53 ||    53
 Cast: Foxfire           |   109 |   112 |   202 |   200 ||   623
       Sticky Flame      |       |     1 |    14 |    11 ||    26
       Fireball          |       |       |       |   104 ||   104
       Conjure Flame     |       |       |       |     1 ||     1
  Use: Scroll            |       |       |     5 |     5 ||    10
 Stab: Sleeping          |       |       |       |     1 ||     1
Armor: Robe              |     4 |     2 |     1 |       ||     7
       Acid dragon scale |       |       |    27 |    32 ||    59
Dodge: Dodged            |     5 |    22 |    34 |    52 ||   113
